[Event "Titled Tuesday Blitz June 1 2021"]
[White "Peralta, Eduardo"]
[Black "Sipila, Vilka"]
[WhiteFideId "3700062"]
[BlackFideId "505455"]
[WhiteElo "2205"]
[BlackElo "2334"]
[Result "1-0"]
[Round "02"]
[TimeControl "180+1"]
[Date "2021.06.01"]
[WhiteClock "0:00:14"]
[BlackClock "0:00:30"]

1. d4 f5 2. Nc3 Nf6 3. Bg5 d5 4. Nf3 e6 5. e3 Be7 6. Be2 Ne4 7. Bf4 Bb4 8. Qd3 c5 9. dxc5 Nd7 10. Qd4 Qa5 11. O-O Bxc3 12. bxc3 Qxc3 13. Bb5 O-O 14. c6 Ndc5 15. c7 a6 16. Bd3 b5 17. Qxc3 Nxc3 18. Bd6 Nxd3 19. cxd3 Rf7 20. Rfc1 Ne2+ 21. Kf1 Nxc1 22. Rxc1 e5 23. Bxe5 Re7 24. d4 Re6 25. Bg3 a5 26. Rc5 b4 27. Ke1 a4 28. Rxd5 b3 29. Rd8+ Kf7 30. d5 Rb6 31. axb3 axb3 32. Ne5+ Kf6 33. Nc4 Rb4 34. Be5+ Ke7 35. Nb2 Kf7 36. Kd2 Re4 37. f4 Rb4 38. Kc3 Rb6 39. d6 Ke6 40. Bd4 Rc6+ 41. Nc4 b2 42. Kxb2 Rxc4 43. Be5 Rc6 44. Re8+ Kd5 45. Rxc8 Rxc8 46. d7 R6xc7 47. Bxc7 Rxc7 48. d8=Q+ Kc6 49. Qe8+ Kd6 50. Qg8 g6 51. Qf8+ Re7 52. Qh8 Ke6 53. Qe5+ Kd7 54. Qd5+ Ke8 55. Qc6+ Kf7 56. Qc4+ Kf6 57. Kc2 Rd7 58. Qc3+ Ke6 59. Qc6+ Ke7 60. Kc3 Rd6 61. Qc5 Ke6 62. h3 Rd7 63. g4 fxg4 64. hxg4 Kf7 65. Qe5 Re7 66. Qd5+ Kf6 67. e4 Kg7 68. g5 h5 69. gxh6+ Kxh6 70. Qg5+ Kg7 71. Qxe7+ Kh6 72. Qh4+ Kg7 73. f5 g5 74. Qxg5+ Kf7 75. Qg6+ Kf8 76. Qf6+ Ke8 77. Qg7 Kd8 78. f6 Kc8 79. Kc4 Kd8 80. Kd5 Ke8 81. Ke6 Kd8 82. Qd7# 1-0


[Site "https://www.chess.com"]

[Event "Titled Tuesday Blitz June 1 2021"]
[White "Perez Ponsa, Federico"]
[Black "Morefield, Jason"]
[WhiteFideId "117927"]
[BlackFideId "30920825"]
[WhiteElo "2672"]
[BlackElo "2171"]
[Result "1-0"]
[Round "02"]
[TimeControl "180+1"]
[Date "2021.06.01"]
[WhiteClock "0:00:44"]
[BlackClock "0:00:22"]

1. e4 c5 2. Nf3 d6 3. d4 cxd4 4. Nxd4 Nf6 5. Nc3 Nc6 6. Bg5 e6 7. Qd2 Be7 8. O-O-O a6 9. Kb1 Bd7 10. Nxc6 Bxc6 11. f3 Rc8 12. h4 h5 13. Ne2 d5 14. e5 Nd7 15. f4 Nc5 16. Nd4 Ne4 17. Qe3 Bd7 18. Bd3 f6 19. Bxe4 dxe4 20. exf6 gxf6 21. Qxe4 Kf7 22. f5 exf5 23. Qd5+ Kg6 24. Bf4 Rc5 25. Qb3 Qc8 26. Rd3 Rd8 27. Rg3+ Kh7 28. Qf7+ 1-0


[Site "https://www.chess.com"]

[Event "Titled Tuesday Blitz June 1 2021"]
[White "Petriashvili, Nikoloz"]
[Black "Tokhirjonova, Gulrukhbegim"]
[WhiteFideId "13611216"]
[BlackFideId "14203626"]
[WhiteElo "2430"]
[BlackElo "2236"]
[Result "1-0"]
[Round "02"]
[TimeControl "180+1"]
[Date "2021.06.01"]
[WhiteClock "0:00:45"]
[BlackClock "0:00:10"]

1. d4 Nf6 2. c4 e6 3. Nf3 Bb4+ 4. Bd2 a5 5. g3 O-O 6. Bg2 d5 7. Qc2 b6 8. O-O Ba6 9. b3 Nbd7 10. Rd1 h6 11. Nc3 Rc8 12. cxd5 exd5 13. Ne5 c5 14. Nxd7 Qxd7 15. dxc5 Rxc5 16. Qb2 Rfc8 17. Na4 Rc2 18. Qd4 Bxe2 19. Nxb6 Qf5 20. Nxc8 Bxd1 21. Bxb4 Qxc8 22. Rxd1 axb4 23. Bxd5 Rxa2 24. Bc4 Qf5 25. Qd8+ Kh7 26. Bd3 Ne4 27. Qd4 g6 28. Bxe4 Qg4 29. Bg2 Qe2 30. Bf1 Qc2 31. Rd3 Qc1 32. Rf3 Qc7 33. Qc4 1-0


[Site "https://www.chess.com"]

[Event "Titled Tuesday Blitz June 1 2021"]
[White "Petukhov, Dmitry"]
[Black "Nenezic, Marko"]
[WhiteFideId "4142748"]
[BlackFideId "912123"]
[WhiteElo "2356"]
[BlackElo "2438"]
[Result "0-1"]
[Round "02"]
[TimeControl "180+1"]
[Date "2021.06.01"]
[WhiteClock "0:00:05"]
[BlackClock "0:00:21"]

1. e4 c5 2. c3 d5 3. exd5 Qxd5 4. d4 Nf6 5. Nf3 e6 6. Be2 cxd4 7. cxd4 Be7 8. Nc3 Qd8 9. O-O b6 10. Ne5 Bb7 11. Bf3 Nd5 12. Nxd5 Bxd5 13. Be3 O-O 14. Rc1 f6 15. Nd3 Bd6 16. Bxd5 exd5 17. Bf4 Re8 18. Qh5 Bf8 19. Bc7 Qd7 20. Nf4 Nc6 21. Qxd5+ Qxd5 22. Nxd5 Nxd4 23. Rcd1 Nf5 24. Bg3 Re2 25. Rb1 Rd8 26. Nc3 Rc2 27. Rfc1 Rdd2 28. Rxc2 Rxc2 29. Kf1 Bb4 30. Ne4 h5 31. a3 Be7 32. b4 Kf7 33. Bb8 a6 34. Ba7 Rc4 35. f3 Ne3+ 36. Ke2 Nd5 37. Rd1 Ke6 38. Rd2 Rc8 39. b5 axb5 40. Rb2 Ra8 41. Bxb6 Nxb6 42. Rxb5 Nd5 43. f4 f5 44. Ng5+ Bxg5 45. fxg5 Nc3+ 0-1


[Site "https://www.chess.com"]

[Event "Titled Tuesday Blitz June 1 2021"]
[White "Pourkashiyan, Atousa"]
[Black "Bacrot, Etienne"]
[WhiteFideId "12502014"]
[BlackFideId "605506"]
[WhiteElo "2285"]
[BlackElo "2673"]
[Result "1/2-1/2"]
[Round "02"]
[TimeControl "180+1"]
[Date "2021.06.01"]
[WhiteClock "0:00:09"]
[BlackClock "0:00:16"]

1. e4 c5 2. Nf3 d6 3. d4 cxd4 4. Nxd4 Nf6 5. Nc3 Nc6 6. Be2 Bd7 7. O-O g6 8. Be3 Bg7 9. Qd2 O-O 10. Rad1 a6 11. a4 Rc8 12. f4 Qc7 13. Kh1 Rfd8 14. Nxc6 Bxc6 15. Bf3 Qa5 16. Qf2 Qb4 17. Bb6 Rf8 18. e5 dxe5 19. fxe5 Ng4 20. Bxg4 Qxg4 21. Nd5 Bxd5 22. Rxd5 Qxa4 23. c3 Qe4 24. Rd7 Qxe5 25. Rxb7 Rb8 26. Rxb8 Qxb8 27. Bd4 Bxd4 28. cxd4 Qd6 29. h3 h5 30. Ra1 Rc8 31. Qe2 Rc6 32. Rd1 Qe6 33. Qf3 Qc4 34. d5 Rf6 35. Qe3 Rf1+ 36. Rxf1 Qxf1+ 37. Kh2 Qf6 38. Qe4 Kg7 39. b4 Qd6+ 40. Kh1 f6 41. Qc4 f5 42. Qd4+ Qf6 43. Qc4 f4 44. Kh2 Qe5 45. Kh1 Qd6 46. Kg1 Qf6 47. Kh1 g5 48. Qe4 g4 49. hxg4 hxg4 50. g3 Qa1+ 51. Kh2 Qb2+ 52. Kh1 Qc1+ 53. Kh2 Qd2+ 54. Kh1 Qd1+ 55. Kh2 Qd2+ 56. Kh1 Qc1+ 57. Kh2 Qb2+ 58. Kh1 Qa1+ 59. Kh2 fxg3+ 60. Kxg3 Qf6 61. Qxg4+ Kf7 62. Qd7 Qe5+ 63. Kg4 Qe4+ 64. Kg5 Qe3+ 65. Kh5 Qf3+ 66. Kg5 Qg3+ 67. Kh5 Qg6+ 68. Kh4 Qe4+ 69. Kh5 Qxb4 70. Qe6+ Kg7 71. Qg6+ Kf8 72. Qf5+ Ke8 73. Qc8+ Kf7 74. Qf5+ Kg7 75. Qg6+ Kh8 76. Qh6+ Kg8 77. Qg6+ Kf8 78. Qf5+ Ke8 79. Qc8+ Kf7 80. Qf5+ Kg7 81. Qg6+ 1/2-1/2


[Site "https://www.chess.com"]

[Event "Titled Tuesday Blitz June 1 2021"]
[White "Quparadze, Giga"]
[Black "Maksimenko, Viktor"]
[WhiteFideId "13602250"]
[BlackFideId "13710478"]
[WhiteElo "2658"]
[BlackElo "2269"]
[Result "1-0"]
[Round "02"]
[TimeControl "180+1"]
[Date "2021.06.01"]
[WhiteClock "0:01:49"]
[BlackClock "0:00:20"]

1. e4 e5 2. Nf3 Nc6 3. Bb5 a6 4. Ba4 Nf6 5. Qe2 b5 6. Bb3 Bc5 7. a4 Rb8 8. axb5 axb5 9. Nc3 b4 10. Nd5 O-O 11. O-O d6 12. h3 h6 13. d3 Be6 14. Be3 Bxe3 15. Nxf6+ Qxf6 16. fxe3 Bxb3 17. cxb3 Qe6 18. Qc2 Rb6 19. d4 d5 20. exd5 Qxd5 21. Rfd1 exd4 22. exd4 Rd8 23. Rac1 Rd6 24. Qc4 Ne7 25. Qxc7 Nf5 26. Rc5 Qe4 27. Qc8+ 1-0


[Site "https://www.chess.com"]

[Event "Titled Tuesday Blitz June 1 2021"]
[White "Rakotomaharo, Fy Antenaina"]
[Black "Ronka, Erik"]
[WhiteFideId "13100050"]
[BlackFideId "505080"]
[WhiteElo "2378"]
[BlackElo "2264"]
[Result "1-0"]
[Round "02"]
[TimeControl "180+1"]
[Date "2021.06.01"]
[WhiteClock "0:00:24"]
[BlackClock "0:00:04"]

1. e4 g6 2. d4 Bg7 3. Nc3 c6 4. h3 d6 5. a4 Nf6 6. f4 O-O 7. Nf3 c5 8. dxc5 Qa5 9. Bd3 Qxc5 10. Qe2 Nh5 11. Be3 Qb4 12. Kf2 Qxb2 13. Nd5 Nc6 14. e5 dxe5 15. Rhb1 Qxa1 16. Rxa1 exf4 17. Nxe7+ Nxe7 18. Bd4 Nf5 19. Bxg7 Nhxg7 20. Qe5 Be6 21. Qxf4 Rfe8 22. a5 Rac8 23. Rb1 Bd5 24. a6 bxa6 25. Kg1 Ne6 26. Qa4 Bxf3 27. gxf3 Nfd4 28. Be4 f5 29. Bd5 Kg7 30. Rb7+ Kh6 31. Bxe6 Nxe6 32. Qh4# 1-0


[Site "https://www.chess.com"]

[Event "Titled Tuesday Blitz June 1 2021"]
[White "Real De Azua, Ernesto"]
[Black "Xiong, Jeffery"]
[WhiteFideId "108154"]
[BlackFideId "2047640"]
[WhiteElo "2476"]
[BlackElo "2724"]
[Result "0-1"]
[Round "02"]
[TimeControl "180+1"]
[Date "2021.06.01"]
[WhiteClock "0:00:01"]
[BlackClock "0:00:32"]

1. d4 Nf6 2. c4 c5 3. d5 b5 4. Qc2 bxc4 5. e4 d6 6. Bxc4 g6 7. Nc3 Bg7 8. Nf3 O-O 9. O-O Nfd7 10. Re1 a5 11. Bf4 Na6 12. a3 Nb6 13. Bf1 c4 14. h3 Nc5 15. Rad1 Ba6 16. Nd4 Nd3 17. Bxd3 cxd3 18. Rxd3 Bxd3 19. Qxd3 Bxd4 20. Qxd4 f6 21. a4 Rc8 22. b3 Nd7 23. Nb5 Qb6 24. Qd2 Nc5 25. Qe3 Rb8 26. h4 Na6 27. Qe2 Nc7 28. Be3 Qb7 29. Nd4 f5 30. Bh6 Rf7 31. exf5 Qxd5 32. fxg6 hxg6 33. Qg4 Qh5 34. Qxh5 gxh5 35. Rc1 Nd5 36. Bd2 e5 37. Nf3 Rxb3 38. Ng5 Rc7 39. Re1 Rc4 40. Bxa5 Rxa4 41. Bd2 Rxh4 42. Ne4 Rd3 43. Bg5 Rg4 44. Kf1 Rxe4 0-1


[Site "https://www.chess.com"]

[Event "Titled Tuesday Blitz June 1 2021"]
[White "Rychagov, Andrey"]
[Black "Tymrakiewicz, Rafal"]
[WhiteFideId "4119932"]
[BlackFideId "1108832"]
[WhiteElo "2527"]
[BlackElo "2172"]
[Result "1-0"]
[Round "02"]
[TimeControl "180+1"]
[Date "2021.06.01"]
[WhiteClock "0:00:33"]
[BlackClock "0:00:03"]

1. d4 Nf6 2. c4 g6 3. Nf3 Bg7 4. Nc3 O-O 5. e4 d6 6. Be2 e5 7. Be3 Ng4 8. Bg5 f6 9. Bh4 g5 10. Bg3 Nc6 11. d5 Ne7 12. h4 Ng6 13. Nxg5 Nxf2 14. Bxf2 fxg5 15. h5 Nh4 16. O-O g4 17. Bxg4 Qg5 18. Bxh4 Rxf1+ 19. Qxf1 Qxg4 20. Bf6 Bd7 21. Bxg7 Kxg7 22. h6+ Kg8 23. Qf2 Rf8 24. Qe3 Qh4 25. Rf1 Rf4 26. Ne2 Rxf1+ 27. Kxf1 Qh1+ 28. Kf2 b6 29. Qg3+ Kf8 30. Qg7+ Ke8 31. Qg8+ Ke7 32. Qxh7+ Kd8 33. Qg8+ Be8 34. h7 Qh4+ 35. Kf1 Qh1+ 36. Ng1 1-0


[Site "https://www.chess.com"]

[Event "Titled Tuesday Blitz June 1 2021"]
[White "Sadovsky, Artem"]
[Black "Padmini, Rout"]
[WhiteFideId "4155840"]
[BlackFideId "5029295"]
[WhiteElo "2476"]
[BlackElo "2196"]
[Result "1-0"]
[Round "02"]
[TimeControl "180+1"]
[Date "2021.06.01"]
[WhiteClock "0:00:05"]
[BlackClock "0:00:01"]

1. Nf3 c5 2. b3 Nf6 3. Bb2 g6 4. e3 Bg7 5. Be2 O-O 6. O-O d6 7. d4 Ne4 8. Nbd2 Nxd2 9. Qxd2 a5 10. c4 cxd4 11. Bxd4 Nc6 12. Bxg7 Kxg7 13. Rfd1 Qb6 14. Qc3+ f6 15. Nd4 Bd7 16. Rab1 Rfc8 17. a3 Nd8 18. b4 axb4 19. axb4 Be8 20. Qd2 Bf7 21. Rdc1 Qa7 22. h4 h5 23. Nb5 Qa2 24. Rb2 Qa4 25. c5 dxc5 26. bxc5 Ne6 27. Rb4 Qa2 28. Qxa2 Rxa2 29. Nc3 Ra5 30. Na4 Rc7 31. Bb5 b6 32. c6 Be8 33. Nxb6 Nd8 34. Nd5 Rxc6 35. Bxc6 Nxc6 36. Rxc6 Bxc6 37. Nxe7 Ba8 38. Rd4 Kf7 39. Nc8 g5 40. Nd6+ Kg6 41. Kh2 gxh4 42. Rxh4 Ra2 43. Rf4 1-0


[Site "https://www.chess.com"]

[Event "Titled Tuesday Blitz June 1 2021"]
[White "Samsonkin, Artiom"]
[Black "Bykov, Egor"]
[WhiteFideId "13503111"]
[BlackFideId "34115290"]
[WhiteElo "2513"]
[BlackElo "2284"]
[Result "1-0"]
[Round "02"]
[TimeControl "180+1"]
[Date "2021.06.01"]
[WhiteClock "0:00:21"]
[BlackClock "0:00:13"]

1. e4 Nf6 2. Nc3 e5 3. f4 d5 4. fxe5 Nxe4 5. Qf3 Nxc3 6. dxc3 Be6 7. Qg3 Nc6 8. Nf3 h6 9. Bb5 a6 10. Bxc6+ bxc6 11. O-O c5 12. Be3 Qd7 13. Rad1 O-O-O 14. b4 cxb4 15. cxb4 Bxb4 16. Rb1 Ba5 17. Qf2 Qa4 18. Nd4 Bc3 19. Rb3 Bxd4 20. Bxd4 Kd7 21. Rfb1 Ra8 22. Rb4 Qc6 23. Bc5 a5 24. Rf4 Rab8 25. Rd1 Qa4 26. Rxa4 1-0


[Site "https://www.chess.com"]

[Event "Titled Tuesday Blitz June 1 2021"]
[White "Sanal, Vahap"]
[Black "Romanchuk, Viktor"]
[WhiteFideId "6300545"]
[BlackFideId "14109271"]
[WhiteElo "2507"]
[BlackElo "2242"]
[Result "1-0"]
[Round "02"]
[TimeControl "180+1"]
[Date "2021.06.01"]
[WhiteClock "0:01:18"]
[BlackClock "0:00:09"]

1. d4 d5 2. Nf3 Nf6 3. Bf4 c5 4. e3 Nc6 5. Nbd2 cxd4 6. exd4 Bf5 7. c3 e6 8. Bb5 Bd6 9. Ne5 Bxe5 10. Bxe5 O-O 11. Bf4 Qb6 12. Qb3 Na5 13. Qb4 Nc6 14. Bxc6 Qxc6 15. O-O Ne4 16. Nb3 b6 17. a4 a5 18. Qa3 Qc4 19. f3 Nf6 20. Nd2 Qc6 21. g4 Bd3 22. Rfe1 Nd7 23. Re3 Ba6 24. h4 Rfe8 25. h5 f6 26. Rae1 Kf7 27. Bg3 b5 28. axb5 Bxb5 29. f4 Nf8 30. f5 exf5 31. Re7+ Rxe7 32. Rxe7+ Kg8 33. gxf5 Re8 34. h6 Rxe7 35. Qxe7 gxh6 36. Qd8 Qe8 37. Qxd5+ Kh8 38. Qe4 Qh5 39. c4 Bd7 40. Qe7 Kg8 41. Ne4 Qd1+ 42. Kh2 Qh5+ 43. Kg2 Qe2+ 44. Bf2 Qg4+ 45. Kh2 Qh5+ 46. Kg3 Qxf5 47. Nxf6+ Kh8 48. Qxf8# 1-0


[Site "https://www.chess.com"]

[Event "Titled Tuesday Blitz June 1 2021"]
[White "Sarana, Alexey"]
[Black "Tejedor Fuente, Enrique"]
[WhiteFideId "24133795"]
[BlackFideId "2299100"]
[WhiteElo "2629"]
[BlackElo "2535"]
[Result "1-0"]
[Round "02"]
[TimeControl "180+1"]
[Date "2021.06.01"]
[WhiteClock "0:00:54"]
[BlackClock "0:00:01"]

1. d4 Nf6 2. c4 e6 3. Nf3 b6 4. a3 Bb7 5. Nc3 h6 6. Bf4 d5 7. e3 a6 8. cxd5 exd5 9. Bd3 Bd6 10. Bxd6 Qxd6 11. Ne5 O-O 12. O-O c5 13. f4 Nc6 14. Bc2 b5 15. Rf3 b4 16. axb4 cxd4 17. exd4 Qxb4 18. Ne2 Qd6 19. Ng3 Bc8 20. Rc1 Nb4 21. Bb1 Ra7 22. Qd2 a5 23. Qc3 Bg4 24. Nxg4 Nxg4 25. Nf5 Qb6 26. Rg3 h5 27. h3 g6 28. hxg4 gxf5 29. gxf5+ Kh8 30. f6 Qxf6 31. Rg5 Qxf4 32. Rxh5+ Kg7 33. Rf1 Qg4 34. Rh7+ Kg8 35. Rh3 Rc8 36. Rg3 Qxg3 37. Qxg3+ Kf8 38. Qd6+ Re7 39. Bg6 1-0


[Site "https://www.chess.com"]

[Event "Titled Tuesday Blitz June 1 2021"]
[White "Seletsky, Grigory"]
[Black "Ghimpu, Samuel-Timotei"]
[WhiteFideId "14112191"]
[BlackFideId "1238175"]
[WhiteElo "2492"]
[BlackElo "2026"]
[Result "0-1"]
[Round "02"]
[TimeControl "180+1"]
[Date "2021.06.01"]
[WhiteClock "0:01:19"]
[BlackClock "0:00:40"]

1. e4 g6 2. d4 Bg7 3. c4 d6 4. Nc3 Nc6 5. Nge2 Nf6 6. f3 O-O 7. Be3 a6 8. Qd2 Rb8 9. Nc1 e5 10. d5 Nd4 11. Nb3 c5 12. dxc6 bxc6 13. Nxd4 exd4 14. Bxd4 d5 15. cxd5 cxd5 16. exd5 Bb7 17. Bc4 Re8+ 18. Kf2 Rc8 19. Bb3 Rxc3 20. Qxc3 Nxd5 21. Bxd5 Qh4+ 22. g3 Bxd4+ 23. Kg2 Re2+ 24. Kf1 Rf2+ 25. Ke1 Qe7+ 0-1


[Site "https://www.chess.com"]

[Event "Titled Tuesday Blitz June 1 2021"]
[White "Senthil Maran K"]
[Black "Annaberdiyev, Babageldi"]
[WhiteFideId "25035681"]
[BlackFideId "14000385"]
[WhiteElo "2194"]
[BlackElo "2332"]
[Result "0-1"]
[Round "02"]
[TimeControl "180+1"]
[Date "2021.06.01"]
[WhiteClock "0:00:01"]
[BlackClock "0:00:17"]

1. d4 Nf6 2. c4 g6 3. g3 Bg7 4. Bg2 O-O 5. Nf3 d6 6. O-O Nc6 7. Nc3 a6 8. b3 Rb8 9. d5 Na5 10. Bg5 c5 11. dxc6 Nxc6 12. Rc1 Bg4 13. Qd2 Re8 14. Rfd1 Qa5 15. Bxf6 Bxf6 16. Nd5 Bg7 17. Qxa5 Nxa5 18. Nb6 Nc6 19. e3 Ne5 20. Nxe5 Bxe5 21. Rd2 Be6 22. h3 h5 23. Kh2 Kg7 24. Bd5 Bc8 25. Kg2 Bf6 26. f4 e5 27. Bf3 e4 28. Be2 Bf5 29. Rxd6 Be7 30. Rdd1 Bc5 31. Nd5 Be6 32. Kf2 Bxh3 33. b4 Ba7 34. c5 Rh8 35. Nb6 Bxb6 36. cxb6 Be6 37. a3 h4 38. g4 h3 39. Rh1 Rbd8 40. Rcd1 Rc8 41. Rc1 Rce8 42. Kg3 Rd8 43. Rcd1 Rc8 44. Rc1 Rxc1 45. Rxc1 h2 46. Rh1 Rc8 47. Rxh2 Rc3 48. Kf2 Rxa3 49. g5 Ra2 50. Rh1 Rb2 51. Rc1 Rxb4 52. Rc7 Rxb6 0-1


[Site "https://www.chess.com"]

[Event "Titled Tuesday Blitz June 1 2021"]
[White "Shahade, Gregory"]
[Black "Shevtchenko, Olesya"]
[WhiteFideId "2009064"]
[BlackFideId "24131890"]
[WhiteElo "2714"]
[BlackElo "2003"]
[Result "1-0"]
[Round "02"]
[TimeControl "180+1"]
[Date "2021.06.01"]
[WhiteClock "0:01:41"]
[BlackClock "0:01:47"]

1. e4 e6 2. d4 d5 3. Nd2 c5 4. exd5 exd5 5. Ngf3 Nc6 6. Bb5 Nf6 7. O-O Be6 8. Re1 Be7 9. dxc5 O-O 10. Nb3 Ne4 11. Be3 Rc8 12. c3 Bg4 13. h3 Bh5 14. Be2 Bg6 15. Nfd4 Nxc5 16. Nxc5 Bxc5 17. Nxc6 Rxc6 18. Bxc5 Rxc5 19. Bf3 Qd6 20. Qd4 h6 21. Rad1 Rfc8 22. Bxd5 Kh7 23. Bxb7 Qc7 24. Bxc8 Qxc8 25. Qd8 Qa6 26. Re8 Bc2 27. Rh8+ 1-0


[Site "https://www.chess.com"]

[Event "Titled Tuesday Blitz June 1 2021"]
[White "Shapkin, Anatoliy"]
[Black "Pein, Jonathan"]
[WhiteFideId "34108332"]
[BlackFideId "417092"]
[WhiteElo "2223"]
[BlackElo "2167"]
[Result "1-0"]
[Round "02"]
[TimeControl "180+1"]
[Date "2021.06.01"]
[WhiteClock "0:00:39"]
[BlackClock "0:01:13"]

1. d4 d5 2. c4 Nc6 3. Nc3 Nf6 4. cxd5 Nxd5 5. e4 Nxc3 6. bxc3 e5 7. Nf3 exd4 8. cxd4 Bb4+ 9. Bd2 Bxd2+ 10. Qxd2 O-O 11. Bb5 Bg4 12. Bxc6 Bxf3 13. gxf3 bxc6 14. Rc1 Qf6 15. Qe3 Rab8 16. O-O Rb5 17. e5 Qg6+ 18. Kh1 Rb2 19. Rg1 Qh5 20. Rxc6 Rxa2 21. Rh6 Qf5 22. Rf6 Qh5 23. e6 fxe6 24. Qxe6+ 1-0


[Site "https://www.chess.com"]

[Event "Titled Tuesday Blitz June 1 2021"]
[White "Sieciechowicz, Marcin"]
[Black "Zierk, Steven"]
[WhiteFideId "1130170"]
[BlackFideId "2034255"]
[WhiteElo "2288"]
[BlackElo "2502"]
[Result "1/2-1/2"]
[Round "02"]
[TimeControl "180+1"]
[Date "2021.06.01"]
[WhiteClock "0:00:10"]
[BlackClock "0:00:10"]

1. d4 Nf6 2. c4 e6 3. Nc3 Bb4 4. e3 O-O 5. Ne2 Re8 6. a3 Bf8 7. d5 a5 8. Nf4 Na6 9. Be2 Nc5 10. b3 g6 11. O-O Bg7 12. Bb2 e5 13. Nd3 Nxd3 14. Bxd3 e4 15. Be2 d6 16. b4 h5 17. Qd2 Bg4 18. Rfd1 Bxe2 19. Nxe2 Ng4 20. Bxg7 Qh4 21. Bd4 Qxh2+ 22. Kf1 Qh1+ 23. Ng1 Nh2+ 24. Ke2 Qxg2 25. Qe1 axb4 26. axb4 h4 27. Kd2 h3 28. Qe2 Nf3+ 29. Nxf3 exf3 30. Qf1 h2 31. Kc3 f5 32. c5 Kf7 33. Kb3 Rxa1 34. Rxa1 Qxf1 35. Rxf1 Re4 36. Rh1 Rh4 37. Kc4 g5 38. Kb5 Ke7 39. c6 bxc6+ 40. Kxc6 Kd8 41. b5 g4 42. b6 cxb6 43. Kxd6 Rh6+ 44. Ke5 g3 45. fxg3 f2 46. Kxf5 b5 47. g4 Ke8 48. g5 Rh3 49. Kg4 f1=Q 50. Rxf1 h1=Q 51. Rxh1 Rxh1 52. e4 b4 53. Kf5 Rd1 54. Be5 b3 55. g6 Rd2 56. Ke6 b2 57. Bxb2 Rxb2 58. d6 Rg2 59. d7+ Kd8 60. Kf7 Kxd7 61. g7 Rf2+ 62. Kg6 Rg2+ 63. Kf7 Rf2+ 64. Kg6 Ke7 65. g8=Q Rg2+ 66. Kh7 Rxg8 67. Kxg8 Ke6 68. Kg7 Ke5 69. Kf8 Kxe4 1/2-1/2


[Site "https://www.chess.com"]

[Event "Titled Tuesday Blitz June 1 2021"]
[White "Siva Mahadevan"]
[Black "Narva, Mai"]
[WhiteFideId "25043153"]
[BlackFideId "4500512"]
[WhiteElo "2203"]
[BlackElo "2236"]
[Result "0-1"]
[Round "02"]
[TimeControl "180+1"]
[Date "2021.06.01"]
[WhiteClock "0:00:11"]
[BlackClock "0:00:07"]

1. e4 c5 2. Nf3 d6 3. d4 cxd4 4. Nxd4 Nf6 5. Nc3 g6 6. Be3 Bg7 7. f3 O-O 8. Qd2 Nc6 9. Bc4 Nxd4 10. Bxd4 Qa5 11. Bb3 Be6 12. O-O-O b5 13. Kb1 b4 14. Nd5 Bxd5 15. exd5 Qb5 16. Rhe1 a5 17. Qe2 Qxe2 18. Rxe2 a4 19. Bc4 Rfc8 20. b3 Rc7 21. Rde1 Kf8 22. g4 Bh6 23. h4 Bf4 24. Bb6 Rb7 25. Bf2 Ra5 26. Rd1 h6 27. Be1 Nd7 28. Re4 g5 29. hxg5 hxg5 30. a3 axb3 31. axb4 bxc2+ 32. Kxc2 Ra3 33. Bb3 Ne5 34. Kb2 Ra8 35. Bc3 Ke8 36. Rh1 Kd7 37. Rh7 Rbb8 38. Kc2 Rh8 39. Rxh8 Rxh8 40. Ba4+ Kc7 41. b5 Rh2+ 42. Kb3 Nd3 43. Ba5+ Kc8 44. Rxe7 Nc5+ 45. Kb4 Bd2+ 46. Kc4 Bxa5 47. Bd1 Rb2 48. Re2 Rb4+ 49. Kc3 Rxg4+ 50. Kc2 Rc4+ 51. Kb1 Rd4 52. Bc2 Rxd5 53. Re8+ Kd7 54. Ra8 Bb6 55. Rb8 Bc7 56. Rf8 f5 57. Bxf5+ Ke7 58. Rc8 Rxf5 59. Rxc7+ Ke6 60. b6 Rxf3 61. Kb2 Rb3+ 62. Kc2 Rxb6 63. Rg7 Kf6 64. Rg8 Ne6 65. Kd3 Ke5 66. Rh8 Rb3+ 67. Kc4 Rf3 68. Rh1 g4 69. Re1+ Kf5 70. Kd5 Nf4+ 71. Kxd6 g3 0-1


[Site "https://www.chess.com"]

[Event "Titled Tuesday Blitz June 1 2021"]
[White "Sjugirov, Sanan"]
[Black "Solon, Nathan"]
[WhiteFideId "4189302"]
[BlackFideId "2017229"]
[WhiteElo "2472"]
[BlackElo "2614"]
[Result "1-0"]
[Round "02"]
[TimeControl "180+1"]
[Date "2021.06.01"]
[WhiteClock "0:01:23"]
[BlackClock "0:00:36"]

1. e4 c5 2. Nf3 d6 3. Bb5+ Nd7 4. a4 Nf6 5. Nc3 g6 6. a5 Bg7 7. a6 O-O 8. O-O Nb6 9. d3 d5 10. e5 Nfd7 11. Bf4 e6 12. Qd2 Qc7 13. Rfe1 bxa6 14. Bxa6 Bxa6 15. Rxa6 Qb7 16. Ra2 d4 17. Ne4 Nd5 18. Bh6 Nb4 19. Raa1 Qd5 20. Bxg7 Kxg7 21. Ng3 Nc6 22. Qf4 h6 23. b3 a5 24. h4 Ra7 25. Re4 Nb4 26. Re2 Rfa8 27. Nh2 h5 28. Nf3 a4 29. bxa4 Rxa4 30. Rxa4 Rxa4 31. Ng5 1-0


[Site "https://www.chess.com"]

[Event "Titled Tuesday Blitz June 1 2021"]
[White "Soto Vega, Jorge"]
[Black "Indjic, Aleksandar"]
[WhiteFideId "3800580"]
[BlackFideId "911925"]
[WhiteElo "2259"]
[BlackElo "2643"]
[Result "0-1"]
[Round "02"]
[TimeControl "180+1"]
[Date "2021.06.01"]
[WhiteClock "0:01:10"]
[BlackClock "0:01:17"]

1. e4 d6 2. d4 Nf6 3. f3 e5 4. Ne2 c6 5. Nbc3 Nbd7 6. Be3 b5 7. Qd2 b4 8. Nd1 a5 9. Nf2 d5 10. exd5 Nxd5 11. Bg5 Be7 12. Bxe7 Qxe7 13. O-O-O O-O 14. h4 a4 15. Kb1 Ba6 16. Ne4 a3 17. b3 f5 18. N4g3 e4 19. Re1 e3 20. Qc1 c5 21. c4 cxd4 22. Nxd4 Nc3+ 23. Ka1 f4 24. Nge2 Nxe2 25. Nxe2 Nc5 26. Rd1 Qf6+ 27. Kb1 Bc8 28. Nd4 Rd8 29. Nc2 Rxd1 30. Qxd1 Qb2# 0-1


[Site "https://www.chess.com"]

[Event "Titled Tuesday Blitz June 1 2021"]
[White "Spata, German"]
[Black "Jobava, Baadur"]
[WhiteFideId "113026"]
[BlackFideId "13601520"]
[WhiteElo "2238"]
[BlackElo "2748"]
[Result "0-1"]
[Round "02"]
[TimeControl "180+1"]
[Date "2021.06.01"]
[WhiteClock "0:00:26"]
[BlackClock "0:01:44"]

1. Nf3 Nf6 2. b3 c6 3. Bb2 d5 4. e3 Bg4 5. Be2 e6 6. O-O Nbd7 7. c4 Bd6 8. d4 Ne4 9. Nbd2 O-O 10. Nxe4 dxe4 11. Ne5 Bxe2 12. Qxe2 Bxe5 13. dxe5 Qg5 14. Qc2 Qf5 15. Rad1 Rfd8 16. Qd2 h5 17. Qd6 Qg5 18. h3 Nf8 19. Qc7 Ng6 20. Kh2 Nh4 21. Rxd8+ Rxd8 22. Rg1 Rd1 0-1


[Site "https://www.chess.com"]

[Event "Titled Tuesday Blitz June 1 2021"]
[White "Spyropoulos, Nikolaos"]
[Black "Hansen, Eric"]
[WhiteFideId "4298977"]
[BlackFideId "2606771"]
[WhiteElo "2159"]
[BlackElo "2568"]
[Result "0-1"]
[Round "02"]
[TimeControl "180+1"]
[Date "2021.06.01"]
[WhiteClock "0:00:06"]
[BlackClock "0:00:26"]

1. e4 e5 2. Nf3 Nc6 3. Bc4 Bc5 4. O-O Nf6 5. d3 d6 6. c3 a6 7. a4 Ba7 8. Nbd2 h6 9. Re1 g5 10. Nf1 Nh5 11. Be3 Nf4 12. Bxa7 Rxa7 13. g3 Nh3+ 14. Kg2 Qf6 15. Ne3 g4 16. Nh4 Qxf2+ 17. Kh1 Qxe3 18. Rxe3 Nf2+ 19. Kg2 Nxd1 20. Rxd1 Be6 21. Bxe6 fxe6 22. h3 gxh3+ 23. Kxh3 Rf8 24. Re2 Rf6 25. Ng2 Ke7 26. Ne3 h5 27. Rh1 Rg6 28. Kg2 Rg5 29. Kf3 Ra8 30. Reh2 Rh8 31. Rh3 Nb8 32. Ke2 Nd7 33. g4 Nf6 34. gxh5 Rhxh5 35. Rxh5 Nxh5 36. Kd2 c6 37. a5 d5 38. Kc2 Kd6 39. Kb3 Nf4 40. Rh7 Nxd3 41. Kc2 Nc5 42. exd5 exd5 43. b4 Ne4 44. Rxb7 Rh5 45. Rb6 Rh2+ 46. Kd3 Rd2# 0-1


[Site "https://www.chess.com"]